 Dungeon Crawl Stone Soup version 0.30.1-11-g7821555f0a (webtiles) character file.

Game seed: 2402038958765304515

73 jfcaron the Covert (level 4, -3/41 HPs)
             Began as a Gnoll Delver on Nov 6, 2023.
             Succumbed to their own poison gas
             ... on level 5 of the Dungeon.
             The game lasted 00:01:37 (80 turns).

jfcaron the Covert (Gnoll Delver)                     Turns: 80, Time: 00:01:38

Health: -3/41      AC:  3    Str: 13    XL:     4   Next: 27%
Magic:  2/5        EV: 13    Int: 10    God:
Gold:   7          SH:  0    Dex: 13    Spells: 5/5 levels left

rFire   . . .        a - +0 spear
rCold   . . .        (no shield)
rNeg    . . .        b - +0 leather armour
rPois   .            (no helmet)
rElec   .            (no cloak)
rCorr   .            (no gloves)
SInv    .            (no boots)
Will    .....        (no amulet)
Stlth   ++           (no ring)
HPRegen 0.26/turn    (no ring)
MPRegen 0.09/turn

%: no passive effects
@: confused, lethally poisoned (-3 -> -29), marked, hasted and slowed
A: fangs 1, strong nose, distributed training
a: no special abilities


You were on level 5 of the Dungeon.
You visited 1 branch of the dungeon, and saw 1 of its levels.

You collected 7 gold pieces.

Inventory:

Hand Weapons
 a - a +0 spear (weapon)
Armour
 b - a +0 leather armour (worn)
Wands
 g - a wand of digging (3)
 h - a wand of iceblast (1)
Scrolls
 c - a scroll of fog
 d - a scroll of magic mapping


   Skills:
 + Level 6.6 Fighting
 + Level 1.1 Short Blades
 + Level 1.1 Long Blades
 + Level 1.1 Axes
 + Level 1.1 Maces & Flails
 + Level 4.6 Polearms
 + Level 1.1 Staves
 + Level 1.1 Ranged Weapons
 + Level 1.1 Throwing
 + Level 1.1 Armour
 + Level 4.6 Dodging
 + Level 9.6 Stealth
 + Level 1.1 Shields
 + Level 1.1 Unarmed Combat
 + Level 1.1 Spellcasting
 + Level 0.9 Conjurations
 + Level 0.9 Hexes
 + Level 0.9 Summonings
 + Level 0.9 Necromancy
 + Level 0.9 Translocations
 + Level 0.9 Transmutations
 + Level 0.9 Fire Magic
 + Level 0.9 Ice Magic
 + Level 0.9 Air Magic
 + Level 0.9 Earth Magic
 + Level 0.9 Poison Magic
 + Level 1.2 Invocations
 + Level 1.1 Evocations


You had 5 spell levels left.
You didn't know any spells.
Your spell library was empty.

Dungeon Overview and Level Annotations

Branches:
Dungeon (5/15)
 Temple: D:4-7

Altars:


Innate Abilities, Weirdness & Mutations

You have very sharp teeth.
Your uncanny sense of smell can sniff out nearby items.
Your experience applies equally to all skills.


Message History

Press: ? - help, Shift-Dir - straight line, f - orc wizard
Aim: an orc wizard, wielding a +0 dagger and wearing a +0 robe The mass of ice explodes!
The iceblast engulfs the orc wizard!
The orc wizard is almost dead.
The iceblast engulfs the orc!
You kill the orc!
Aiming: Iceblast
Press: ? - help, Shift-Dir - straight line, f - ufetubus, p - orc wizard
Aim: an ufetubus
Okay, then.
Okay, then. 2 orc priests, an orc and an orc wizard come into view.
The orc is wielding a +0 falchion and quivering curare-tipped darts.
Reach: a) +0 spear
Press: ? - help, Dir - move target, f/p - orc wizard
Aim: an orc wizard, wielding a +0 dagger and wearing a +0 robe (almost dead, about 41% to evade your +0 spear)
You reach to attack!
You hit the orc wizard but do no damage.
The orc wizard is almost dead.
The orc wizard casts a spell at you.
You are confused.
You aren't carrying any potions.
You are too confused!
You are too confused!
The orc wizard casts a spell.
The orc wizard flickers and vanishes!
Deactivating autopickup; reactivate with Ctrl-A.
An orc comes into view. It is wielding a +0 whip.
The orc priest calls down the wrath of Beogh upon you.
Beogh smites you!
* * * LOW HITPOINT WARNING * * *
The orc throws a curare-tipped dart.
The curare-tipped dart hits you.
You are lethally poisoned!
You have difficulty breathing.
* * * LOW HITPOINT WARNING * * *
You feel yourself slow down.
A scorpion comes into view.
You are engulfed in poison gas.
You are more poisoned.
You die...

∆ #########
#§§§§§§§# #§§§☼§§☼#
.## #§§§☼§☼§# ∆..
#☼§§§§§§###.###
#.§☼§§§§§o....
#@.§)§§§§#..#
#§§§§§§§☼o..##
##§#{)§§§o?.>#
#5#§§§§§...#
#§#.##§§..###.###
#o§....§.........
.###§§.#####.#.#####
...oo#s# #.# #
###.##.# #.# ∆


You could see a scorpion, an orc priest, an orc and an ufetubus.

Vanquished Creatures
  A hound (D:5)
  An orc wizard (D:5)
  A white imp (D:5)
  An ufetubus (D:5)
  3 orcs (D:5)
7 creatures vanquished.

Notes
Turn   | Place    | Note
-------+----------+-------------------------------------------
     0 | D:5      | Reached skill level 9 in Stealth
     0 | D:5      | jfcaron the Gnoll Delver began the quest for the Orb.
     0 | D:5      | Reached XP level 1. HP: 23/23 MP: 1/1
    27 | D:5      | Reached XP level 2. HP: 12/29 MP: 2/2
    73 | D:5      | Reached skill level 1 in Invocations
    73 | D:5      | Reached XP level 3. HP: 14/35 MP: 2/4
    74 | D:5      | Reached skill level 1 in Short Blades
    74 | D:5      | Reached skill level 1 in Long Blades
    74 | D:5      | Reached skill level 1 in Axes
    74 | D:5      | Reached skill level 1 in Maces & Flails
    74 | D:5      | Reached skill level 1 in Staves
    74 | D:5      | Reached skill level 1 in Ranged Weapons
    74 | D:5      | Reached skill level 1 in Throwing
    74 | D:5      | Reached skill level 1 in Armour
    74 | D:5      | Reached skill level 1 in Shields
    74 | D:5      | Reached skill level 1 in Unarmed Combat
    74 | D:5      | Reached skill level 1 in Spellcasting
    74 | D:5      | Reached skill level 1 in Evocations
    74 | D:5      | Reached XP level 4. HP: 16/41 MP: 2/5
    79 | D:5      | HP: 6/41 [orc priest/divine providence (11)]
    79 | D:5      | HP: 2/41 [asphyx]
    80 | D:5      | Noticed a scorpion
    80 | D:5      | Succumbed to their own poison gas

Illustrated notes

Levels and vault maps discovered:
D:5:      layout_loops_cross, kennysheep_ying_yang

Skill      XL: |  1  2  3 |
---------------+----------+-----
Stealth        | |  9.6
Invocations    | 1 |  1.2
Short Blades   | 1 |  1.1
Long Blades    | 1 |  1.1
Axes           | 1 |  1.1
Maces & Flails | 1 |  1.1
Staves         | 1 |  1.1
Ranged Weapons | 1 |  1.1
Throwing       | 1 |  1.1
Armour         | 1 |  1.1
Shields        | 1 |  1.1
Unarmed Combat | 1 |  1.1
Spellcasting   | 1 |  1.1
Evocations     | 1 |  1.1
Fighting       | |  6.6
Polearms       | |  4.6
Dodging        | |  4.6
Conjurations   | |  0.9
Hexes          | |  0.9
Summonings     | |  0.9
Necromancy     | |  0.9
Translocations | |  0.9
Transmutations | |  0.9
Fire Magic     | |  0.9
Ice Magic      | |  0.9
Air Magic      | |  0.9
Earth Magic    | |  0.9
Poison Magic   | |  0.9

Action                     |  1- 3 |  4- 6 || total
---------------------------+-------+-------++-------
  Melee: Spear             |     6 |     1 ||     7
  Evoke: Wand              |     6 |     1 ||     7
    Use: Scroll            |     2 |       ||     2
         Potion            |     1 |       ||     1
 Armour: Leather armour    |     1 |       ||     1
  Dodge: Dodged            |    17 |       ||    17

Table legend: (Time is in decaauts)
 A = Elapsed time spent in this place.
 B = Non-inter-level travel time spent in this place.
 C = Inter-level travel time spent in this place.
 D = Time resting spent in this place.
 E = Time spent auto-exploring this place.
 F = Levels seen in this place.
 G = Mean time per level.
                   A        B        C        D        E       F      G
               +--------+--------+--------+--------+--------+-----+--------+
         Total |     72 |     72 |      0 |      0 |     18 |   1 |   72.0 |
       Dungeon |     72 |     72 |      0 |      0 |     18 |   1 |   72.0 |
               +--------+--------+--------+--------+--------+-----+--------+

Top non-repeatable levels by time:
     D:5: 72 daAuts

Table legend:
 A = Kills in this place as a percentage of kills in the entire game.
 B = Kills by you in this place as a percentage of kills by you in the entire game.
 C = Kills by friends in this place as a percentage of kills by friends in the entire game.
 D = Other kills in this place as a percentage of other kills in the entire game.
 E = Experience gained in this place as a percentage of experience gained in the entire game.
 F = Experience gained in this place divided by the number of levels of this place that you have seen.
                   A       B       C       D       E      F
               +-------+-------+-------+-------+-------+----------------------
         Total | 100.0 | 100.0 |   N/A |   N/A | 100.0 | 105.0
       Dungeon | 100.0 | 100.0 |   N/A |   N/A | 100.0 | 105.0
               +-------+-------+-------+-------+-------+----------------------

Levels and vault maps discovered:
D:5:      layout_loops_cross, kennysheep_ying_yang
